 Dungeon Crawl Stone Soup version 0.31-a0-1620-gcbf77bbcfc (webtiles) character file.

Game seed: 329870630718856254

63 Ge0ff the Changeling (level 4, -8/49 HPs)
             Began as a Merfolk Shapeshifter on Jan 10, 2024.
             Mangled by Natasha (9 damage)
             ... on level 2 of the Dungeon.
             The game lasted 00:02:51 (1632 turns).

Ge0ff the Changeling (Merfolk Shapeshifter)         Turns: 1632, Time: 00:02:51

Health: -8/49      AC:  2    Str: 16    XL:     4   Next: 9%
Magic:  4/4        EV:  9    Int:  9    God:
Gold:   127        SH:  5    Dex: 13    Spells: 3/3 levels left

rFire   . .          .
                       - Unarmed
rCold   . . .        (no shield)
rNeg    . . .        a - +0 animal skin
rPois   .            (helmet currently unavailable)
rElec   .            (cloak currently unavailable)
rCorr   .            (gloves currently unavailable)
SInv    .            (boots currently unavailable)
Will    .....        K - amulet of reflection Stlth
                     (no ring)
HPRegen 0.28/turn    (no ring)
MPRegen 0.09/turn

%: reflection
@: berserking, beast-form, constricted, very quick
A: beast (slay +2), (nimble swimmer 2), mertail
a: Begin Untransformation


You were on level 2 of the Dungeon.
You were a hulking beast.
You visited 1 branch of the dungeon, and saw 3 of its levels.

You collected 127 gold pieces.

Inventory:

Missiles
 L - 5 poisoned darts
 R - 23 stones (quivered)
Armour
 a - a +0 animal skin (worn)
Magical Staves
 Q - a staff of conjuration
Jewellery
 K - an amulet of reflection (around neck)
Talismans
 c - a beast talisman
 d - a flux talisman
Scrolls
 N - a scroll of teleportation {unknown}
 U - a scroll of acquirement {unknown}
 X - a scroll of vulnerability {unknown}
 Y - a scroll of identify {unknown}
 Z - a scroll of immolation {unknown}
Potions
 M - a potion of ambrosia {unknown}
 O - a potion of cancellation {unknown}
 P - a potion of brilliance {unknown}
 S - a potion of curing {unknown}
 T - a potion of magic {unknown}
 V - a potion of haste {unknown}


   Skills:
 + Level 2.2 Fighting
 - Level 3.0 Dodging
 + Level 1.9 Stealth
 + Level 3.8 Unarmed Combat
 + Level 4.5 Shapeshifting


You had 3 spell levels left.
You didn't know any spells.
Your spell library contained the following spells:

 Spells                   Type           Power      Damage    Failure   Level
 Foxfire                  Conj/Fire      0%         2x1d4     38%         1
 Sandblast                Erth           0%         2d4       38%         1
 Passwall                 Erth           0%         N/A       77%         3
 Stone Arrow              Conj/Erth      0%         3d7       77%         3
 Brom's Barrelling Bould  Conj/Erth      0%         2d3       99%         4


Dungeon Overview and Level Annotations

Branches:
Dungeon (3/15) Zot: 16372

Altars:
Zin

Annotations:
D:2 Natasha


Innate Abilities, Weirdness & Mutations

You are a hulking beast.
Your limbs bulge with bestial killing power. (Slay +2)
((You are very nimble when in or above water. (Stealth+, EV+, Speed+++)))
Your lower body shifts to a powerful aquatic tail in water.


Message History

There is a stone staircase leading down here.
You hit the adder.
You kill the adder!
The hobgoblin hits you but does no damage.
You have reached level 4!
You hit the hobgoblin.
The hobgoblin is almost dead.
You block the hobgoblin's attack.
You hit the hobgoblin.
You kill the hobgoblin!
HP restored.
Done exploring.
You climb downwards.
Level annotation: Natasha The rat bites you.
Natasha claws you.
There is a stone staircase leading up, spattered with blood here.
The rat barely misses you. The ball python bites you.
The ball python barely misses you. Natasha claws you.
The bat barely misses you.
You climb upwards.
There is a stone staircase leading down here.
You are too injured to fight recklessly!
You are too injured to fight recklessly!
You are too injured to fight recklessly!
You are too injured to fight recklessly!
You hit Natasha.
Natasha is lightly wounded.
The rat bites you. You block the ball python's attack.
The ball python grabs you. The ball python constricts you.
Natasha stares at you and mumbles some strange words.
You resist with some effort.
You completely miss Natasha.
Natasha is lightly wounded.
The rat closely misses you. The ball python bites you.
The ball python constricts you. Natasha claws you.
You barely miss Natasha.
Natasha is lightly wounded.
The ball python closely misses you. The ball python constricts you.
The rat bites you.
* * * LOW HITPOINT WARNING * * *
Natasha claws you!
* * * LOW HITPOINT WARNING * * *
It was a potion of berserk rage.
A red film seems to cover your vision as you go berserk!
You feel yourself moving faster!
You feel mighty! You block the ball python's attack.
The ball python constricts you. The rat bites you but does no damage.
Natasha claws you!
You die...
Natasha begins licking her fur clean.

.........#...###.............##
.........#...##...............#
.........>...##...............#
#........##<##.........._.....#
........###>##................##
.##.##### #.##.................##
###.#######.....................#
.##.#..[.......#S................
....#.##........hh...............
..#......##..####r#.##.##........
..#..........####...##.###......#
..#..##.............##.#.........
.....###....####.........#.......
..##.###..รท..........#.###.......
.###..##....#####....#.####.....#
..###.##....# #....#..# ##...##
..# #.##....# #.....#.# #####


You could see Natasha, a ball python and a rat.

Vanquished Creatures
  3 adders (D:2)
  2 dart slugs (D:2)
  An endoplasm (D:2)
  4 hobgoblins
  A quokka (D:2)
  5 ball pythons
  5 bats
  A frilled lizard (D:1)
  3 goblins
  4 kobolds
  2 rats
31 creatures vanquished.

Notes
Turn   | Place    | Note
-------+----------+-------------------------------------------
     0 | D:1      | Ge0ff the Merfolk Shapeshifter began the quest for the Orb.
     0 | D:1      | Reached XP level 1. HP: 15/15 MP: 1/1
    37 | D:1      | Found a faded altar of an unknown god.
    45 | D:1      | Got Plato's Excursus on the Burn
   158 | D:1      | You fall into a shaft and drop 1 floor!
   162 | D:2      | Found a glowing silver altar of Zin.
   172 | D:2      | Reached skill level 1 in Stealth
   172 | D:2      | Reached XP level 2. HP: 21/21 MP: 2/2
   414 | D:1      | Reached XP level 3. HP: 27/27 MP: 3/3
  1585 | D:3      | Noticed Natasha
  1597 | D:2      | Reached XP level 4. HP: 26/33 MP: 4/4
  1631 | D:2      | HP: 1/33 [Natasha (8)]
  1632 | D:2      | Mangled by Natasha

Illustrated notes

Levels and vault maps discovered:
D:1:      tarquinn_simple_flora_water_f, layout_basic, serial_aquarium,
          aquarium_bridge_straight [aquarium_subvault_bridge,
          aquarium_subvault_window, aquarium_subvault_bridge,
          aquarium_subvault_wall], aquarium_bridge_square
          [aquarium_subvault_wall, aquarium_subvault_wall,
          aquarium_subvault_bridge, aquarium_subvault_wall],
          aquarium_window_corridor_1, aquarium_window_1, aquarium_window_1,
          aquarium_view_2f, aquarium_view_2c, aquarium_balcony_1a,
          shapermc_ecumenical_altar_rom_forum, minmay_shallow_snake_nest
D:2:      layout_rooms, basic_altar
D:3:      cheibrodos_helix_gallery, layout_basic,
          nicolae_overflow_quartered_altars, nicolae_overflow_crystal_walls,
          cheibrodos_ashenzari_chains, serial_forest,
          infiniplex_forest_fountain, infiniplex_forest_lined_4_way,
          infiniplex_forest_clump_cross, infiniplex_forest_clump_long,
          infiniplex_forest_straight_3, infiniplex_forest_zigzag_1, uniq_natasha

Skill      XL: |  1  2  3 |
---------------+----------+-----
Dodging        | 3 |  3.0
Stealth        | 1 |  1.9
Fighting       | 2 |  2.2
Unarmed Combat | |  3.8
Shapeshifting  | |  4.5

Action                     |  1- 3 |  4- 6 || total
---------------------------+-------+-------++-------
  Melee: Unarmed           |    83 |     5 ||    88
         Punch             |     1 |       ||     1
    Use: Potion            |     2 |     1 ||     3
   Stab: Sleeping          |     1 |       ||     1
 Armour: Skin              |    16 |       ||    16
         Animal skin       |    40 |    11 ||    51
  Dodge: Dodged            |    54 |     5 ||    59
  Block: Other             |     2 |     3 ||     5

Table legend: (Time is in decaauts)
 A = Elapsed time spent in this place.
 B = Non-inter-level travel time spent in this place.
 C = Inter-level travel time spent in this place.
 D = Time resting spent in this place.
 E = Time spent auto-exploring this place.
 F = Levels seen in this place.
 G = Mean time per level.
                   A        B        C        D        E       F      G
               +--------+--------+--------+--------+--------+-----+--------+
         Total |   1626 |   1537 |     89 |     37 |   1134 |   3 |  542.0 |
       Dungeon |   1626 |   1537 |     89 |     37 |   1134 |   3 |  542.0 |
               +--------+--------+--------+--------+--------+-----+--------+

Top non-repeatable levels by time:
     D:1: 848 daAuts
     D:2: 764 daAuts
     D:3: 13 daAuts
